 Dungeon Crawl Stone Soup version 0.28.0 (webtiles) character file.

Game seed: 11713074946989334685

181 Steelback the Digger (level 5, -1/28 HPs)
             Began as a Gargoyle Earth Elementalist on Feb 15, 2022.
             Shot with an arrow by a centaur (3 damage)
             ... on level 4 of the Dungeon.
             The game lasted 00:11:22 (2908 turns).

Steelback the Digger (Gargoyle Earth Elementalist)  Turns: 2908, Time: 00:11:23

Health: -1/28      AC:  7    Str: 12    XL:     5   Next: 61%
Magic:  4/10       EV: 11    Int: 17    God:
Gold:   43         SH:  3    Dex: 10    Spells: 6/10 levels left

rFire   . . .      SeeInvis .   f - +0 hand axe (freeze)
rCold   . . .      Faith    .   m - +0 buckler
rNeg    + . .      Spirit   .   b - +0 robe
rPois   ∞          Reflect  .   (no helmet)
rElec   +          Harm     .   (no cloak)
rCorr   .          Rampage  .   (no gloves)
Will    .....                   h - +0 pair of boots
Stlth   ++........              i - amulet of the acrobat
HPRegen 0.09/turn               (no ring)
MPRegen 0.12/turn               (no ring)

@: no status effects
A: sickness immunity, AC +4, negative energy resistance 1, electricity
resistance, torment resistance 1, petrification resistance
a: no special abilities


You were on level 4 of the Dungeon.
You visited 1 branch of the dungeon, and saw 4 of its levels.

You collected 102 gold pieces.
You spent 59 gold pieces at shops.

Inventory:

Hand Weapons
 f - a +0 hand axe of freezing (weapon)
Missiles
 c - 156 stones
Armour
 b - a +0 robe (worn)
 h - a +0 pair of boots (worn)
 m - a +0 buckler (worn)
Jewellery
 i - an amulet of the acrobat (around neck)
 l - a ring of flight
Scrolls
 a - a scroll of teleportation
 g - a scroll of holy word {unknown}
 j - 3 scrolls of blinking
 k - a scroll of enchant weapon {unknown}
 o - a scroll of identify
Potions
 d - 4 potions of mutation {unknown}
 e - 2 potions of flight {unknown}
 n - 2 potions of resistance {unknown}


   Skills:
 + Level 0.8 Fighting
 - Level 2.0 Dodging
 - Level 2.1 Stealth
 + Level 3.4 Spellcasting
 * Level 1.3 Conjurations
 + Level 0.7 Transmutations
 * Level 5.5 Earth Magic


You had 6 spell levels left.
You knew the following spells:

 Your Spells              Type           Power      Damage    Failure   Level
a - Sandblast             Erth           42%        2d11      2%          1
b - Stone Arrow           Conj/Erth      28%        3d8       16%         3

Your spell library contained the following spells:

 Spells                   Type           Power      Damage    Failure   Level
 Passwall                 Tmut/Erth      10%        N/A       10%         2
 Shock                    Conj/Air       20%        1d4       17%         1
 Petrify                  Tmut/Erth      13%        N/A       52%         4
 Swiftness                Air            2%         N/A       56%         3
 Airstrike                Air            1%         N/A       92%         4


Dungeon Overview and Level Annotations

Branches:
Dungeon (4/15)
 Temple: D:4-7

Altars:

Shops:
D:3 [*?*:

Annotations:
D:3 1 runed translucent door, Crazy Yiuf


Innate Abilities, Weirdness & Mutations

You are immune to sickness and miasma.
Your stone body is resilient. (AC +4)
You are immune to poison.
You resist negative energy. (rN+)
You are resistant to electric shocks. (rElec)
You are resistant to unholy torment.
You are immune to petrification.


Message History

You are too injured to fight recklessly!
Aiming: Sandblast (safe; 2% risk of failure)
Press: ? - help, Q - select action, (/) - cycle Shift-Dir - straight line, f/p - centaur
Aim: a centaur, wielding a +0 shortbow and quivering arrows (heavily wounded, 88% to hit)
The blast of sand misses the centaur.
The centaur shoots an arrow.
The arrow closely misses you.
The centaur shoots an arrow.
You block the arrow.
Aiming: Sandblast (safe; 2% risk of failure)
Press: ? - help, Q - select action, (/) - cycle Shift-Dir - straight line, f/p - centaur
Aim: a centaur, wielding a +0 shortbow and quivering arrows (heavily wounded, 88% to hit)
The blast of sand hits the centaur.
The centaur is severely wounded.
The centaur shoots an arrow.
The arrow completely misses you.
An endoplasm comes into view.
Aiming: Sandblast (safe; 2% risk of failure)
Press: ? - help, Q - select action, (/) - cycle Shift-Dir - straight line, f/p - centaur
Aim: a centaur, wielding a +0 shortbow and quivering arrows (severely wounded, 88% to hit)
The blast of sand misses the centaur.
The centaur shoots an arrow.
The arrow hits you.
The centaur shoots an arrow.
The arrow hits you!
* * * LOW HITPOINT WARNING * * *
The centaur shoots an arrow.
The arrow closely misses you.
The centaur shoots an arrow.
The arrow closely misses you.
The centaur shoots an arrow.
The arrow completely misses you.
The centaur shoots an arrow.
The arrow misses you.
You see here 11 gold pieces.
Aiming: Sandblast (safe; 2% risk of failure)
Press: ? - help, Q - select action, (/) - cycle Shift-Dir - straight line, f - ball python
Aim: a ball python (78% to hit)
The blast of sand hits the ball python!!
You kill the ball python!
The centaur shoots an arrow.
The arrow closely misses you.
Aiming: Sandblast (safe; 2% risk of failure)
Press: ? - help, Q - select action, (/) - cycle Shift-Dir - straight line, f - centaur
Aim: a centaur, wielding a +0 shortbow and quivering arrows (severely wounded, 88% to hit)
The blast of sand hits the centaur.
The centaur is almost dead.
The centaur shoots an arrow.
The arrow closely misses you.
The centaur shoots an arrow.
The arrow hits you.
You die...

....####....♣.....≈#
.........###♣♣....≈#
....###### #♣....$≈##
.....# #......≈≈####≈
#.##.# #.....J.≈≈≈≈≈≈
#<##.#### #.....c.......
........# ##..♣♣$.......
#.##.##.# ##....♣†.......
.....##.###.....@........
#.#...#.##............♣..
.......<.'...........♣♣ .
###...#.##...........#
#..##.###.......####
#.###.# ##.....## ... ..#
##...## ### ### ##+##


You could see a centaur and an endoplasm.

Vanquished Creatures
  A water moccasin skeleton (D:4)
  A jelly (D:3)
  4 adders
  3 dart slugs
  5 orcs (D:3)
  4 ball pythons
  5 bats
  4 endoplasms
  4 giant cockroaches
  6 goblins
  8 hobgoblins
  4 kobolds
  3 frilled lizards
  2 rats (D:1)
54 creatures vanquished.

Notes
Turn   | Place    | Note
-------+----------+-------------------------------------------
     0 | D:1      | Steelback the Gargoyle Earth Elementalist began the quest
                  | for the Orb.
     0 | D:1      | Reached XP level 1. HP: 10/10 MP: 3/3
    33 | D:1      | Reached skill level 4 in Earth Magic
   114 | D:1      | Reached XP level 2. HP: 15/15 MP: 3/5
   679 | D:1      | Reached XP level 3. HP: 19/19 MP: 6/6
   853 | D:2      | Learned a level 3 spell: Stone Arrow
   867 | D:2      | Reached skill level 1 in Conjurations
  1645 | D:2      | Reached XP level 4. HP: 24/24 MP: 8/8
  1882 | D:2      | Found a faded altar of an unknown god.
  2003 | D:3      | Found Tool's General Store.
  2051 | D:3      | Bought a scroll of identify for 20 gold pieces
  2061 | D:3      | Reached skill level 5 in Earth Magic
  2130 | D:3      | Found a runed translucent door.
  2131 | D:3      | Noticed Crazy Yiuf
  2148 | D:3      | Found Bogurghakh's Magic Scroll Boutique.
  2155 | D:3      | Bought a scroll of teleportation for 39 gold pieces
  2155 | D:3      | Found Femagy's Antique Armour Emporium.
  2159 | D:3      | Found Fajuzouc's Assorted Antiques.
  2471 | D:3      | Reached XP level 5. HP: 28/28 MP: 6/9
  2670 | D:3      | Found Vihit's Book Boutique.
  2854 | D:4      | Noticed a centaur
  2899 | D:4      | HP: 1/28 [centaur/arrow (10)]
  2908 | D:4      | Shot with an arrow by a centaur

Illustrated notes

Levels and vault maps discovered:
D:1:      elethiomel_arrival_quiet, layout_rooms
D:2:      layout_basic, chequers_ecumenical_altar_grove
D:3:      minmay_wonky_spiral, layout_basic, serial_shops, shop, shop,
          nicolae_shop_statue_plus, shop, nicolae_diamond_shop,
          uniq_crazy_yiuf_cottage
D:4:      minmay_recursive_quarters, layout_loops_corners,
          lightli_sewer_entry_pipes, grunt_ministairs_8, roderic_lattice_a,
          kennysheep_decorative_pillar, uniq_grinder, uniq_pikel, uniq_sigmund

Skill      XL: |  1  2  3  4  5 |
---------------+----------------+-----
Earth Magic    | 4 5 |  5.5
Conjurations   | 1 |  1.3
Spellcasting   | 3 |  3.4
Dodging        | 2 |  2.0
Fighting       | |  0.8
Stealth        | |  2.1
Transmutations | |  0.7

Action                   |  1- 3 |  4- 6 || total
-------------------------+-------+-------++-------
Melee: Club              |    17 |       ||    17
       Hand axe          |    34 |    28 ||    62
       Punch             |     1 |       ||     1
 Cast: Sandblast         |    23 |    24 ||    47
  Use: Scroll            |       |     2 ||     2
 Stab: Sleeping          |     3 |       ||     3
Armor: Robe              |    27 |    10 ||    37
Dodge: Dodged            |    50 |    28 ||    78
Block: Buckler           |       |     3 ||     3
